 Dungeon Crawl Stone Soup version 0.27.1-1-g398f81649c (webtiles) character file.

Game seed: 1258389894358342166

228 Elvor the Covered (level 6, -2/35 HPs)
             Began as a Gargoyle Artificer on Sept 8, 2021.
             Slain by a wyvern (5 damage)
             ... on level 4 of the Dungeon.
             The game lasted 00:30:53 (2963 turns).

Elvor the Covered (Gargoyle Artificer)              Turns: 2963, Time: 00:30:54

Health: -2/35      AC: 16    Str: 18    XL:     6   Next: 2%
Magic:  6/6        EV:  7    Int: 11    God:
Gold:   112        SH:  0    Dex: 10    Spells: 4/5 levels left

rFire    . . .     SeeInvis .   q - +1 hand axe (vamp)
rCold    . . .     Faith    .   (no shield)
rNeg     + . .     Spirit   .   r - +0 chain mail
rPois    ∞         Reflect  .   s - +0 hat
rElec    +         Harm     .   (no cloak)
rCorr    .         Rampage  .   o - +0 pair of gloves
Will     .....                  m - +0 pair of boots
Stlth    ..........             (no amulet)
HPRegen  0.11/turn              (no ring)
MPRegen  0.10/turn              (no ring)

@: no status effects
A: sickness immunity, AC +4, negative energy resistance 1, electricity
resistance, torment resistance 1, petrification resistance
a: no special abilities


You were on level 4 of the Dungeon.
You visited 1 branch of the dungeon, and saw 4 of its levels.

You collected 112 gold pieces.

Inventory:

Hand Weapons
 q - a +1 vampiric hand axe (weapon)
Missiles
 a - 13 bolts
 g - an atropa-tipped dart (quivered)
 h - 36 stones
 j - 24 sling bullets
Armour
 m - a +0 pair of boots (worn)
 o - a +0 pair of gloves (worn)
 r - a +0 chain mail (worn)
 s - a +0 hat (worn)
Jewellery
 l - an amulet of faith
Wands
 d - a wand of charming (11)
Scrolls
 c - a scroll of acquirement {unknown}
 f - a scroll of enchant weapon {unknown}
 k - a scroll of summoning {unknown}
 p - 2 scrolls of identify {unknown}
Potions
 b - 2 potions of haste {unknown}
 i - a potion of might {unknown}
 n - 2 potions of heal wounds {unknown}
Miscellaneous
 e - a piece from Xom's chessboard (6/15)


   Skills:
 + Level 2.0 Fighting
 + Level 2.1(2.2) Axes
 + Level 1.2(2.0) Maces & Flails
 + Level 0.5 Throwing
 + Level 3.9 Armour
 + Level 1.3 Dodging
 - Level 1.2 Stealth
 + Level 3.6 Evocations


You had 4 spell levels left.
You knew the following spells:

 Your Spells              Type           Power      Damage    Failure   Level
a - Magic Dart            Conj           0%         1d3       99%         1

Your spell library contained the following spells:

 Spells                   Type           Power      Damage    Failure   Level
 Searing Ray              Conj           0%         3d3       100%        2
 Fulminant Prism          Conj/Hex       0%         3d6       100%        4


Dungeon Overview and Level Annotations

Branches:
Dungeon (4/15)
 Temple: D:4-7

Altars:
Xom

Shops:
D:4 (

Annotations:
D:3 Pikel


Innate Abilities, Weirdness & Mutations

You are immune to sickness and miasma.
Your stone body is resilient. (AC +4)
You are immune to poison.
You resist negative energy. (rN+)
You are resistant to electric shocks. (rElec)
You are resistant to unholy torment.
You are immune to petrification.


Message History

The howler monkey hoots and howls with incredible vigour!
The howler monkey hits you. The lemure hits you but does no damage.
You hear a bark!
You hear a shout!
You hear an angry hiss.
Unknown command.
You hit the lemure.
You kill the lemure!
That felt strangely unrewarding.
You closely miss the howler monkey. The howler monkey barely misses you.
You slash the howler monkey!
You feel better.
The howler monkey is almost dead.
The howler monkey hoots and howls with incredible vigour!
A wyvern comes into view.
The howler monkey hits you but does no damage.
You hear a bark!
You hear a shout!
You closely miss the howler monkey.
The howler monkey is almost dead.
The howler monkey hits you.
You hit the howler monkey.
You kill the howler monkey!
The wyvern bites you!
Your piece from Xom's chessboard (7/15) has regained two charges.
Your Fighting skill increases to level 2!
Your Axes skill increases to level 2!
You have reached level 6!
Your experience leads to an increase in your attributes!
Increase (S)trength, (I)ntelligence, or (D)exterity?
You feel stronger.
You make a move on Xom's chessboard...
The wyvern twists and deforms.
The wyvern bites you!
* * * LOW HITPOINT WARNING * * *
A hound comes into view.
The wyvern bites you but does no damage.
The hound barks!
The wyvern bites you.
* * * LOW HITPOINT WARNING * * *
The wyvern bites you but does no damage.
The wyvern bites you but does no damage.
The wyvern completely misses you. The wyvern bites you.
You die...

#. .... ... ...... ..##
...... ...# ####......
#..###.......# #.
#..##.......#
#.######..........#
####.#......∩........#
##..........@l........#
##........†..##........#
.............###h>.....#
#.#...........# #.......#
..............####...##.#
#..#..........#...##.##.#
.................#.....#
.##..........†...#.....#
##.....###.....#.....#


You could see a wyvern (misshapen) and a hound.

Vanquished Creatures
  A lemure (D:4)
  A scorpion (D:3)
  A howler monkey (D:4)
  A scorpion zombie (D:3)
  A hound skeleton (D:4)
  A gnoll (D:3)
  2 adders
  An adder skeleton (D:4)
  2 dart slugs
  2 orcs (D:3)
  4 ball pythons
  3 endoplasms
  3 giant cockroaches
  2 goblins (D:3)
  6 hobgoblins
  7 quokkas
  5 bats
  2 frilled lizards (D:2)
  5 kobolds
  3 rats
53 creatures vanquished.

Vanquished Creatures (collateral kills)
  2 orcs (D:3)
  A ball python (D:3)
3 creatures vanquished.

Vanquished Creatures (others)
  An orc (D:3)
1 creature vanquished.

Grand Total: 57 creatures vanquished

Notes
Turn   | Place    | Note
-------+----------+-------------------------------------------
     0 | D:1      | Elvor the Gargoyle Artificer began the quest for the Orb.
     0 | D:1      | Reached XP level 1. HP: 12/12 MP: 1/1
    38 | D:1      | Found a faded altar of an unknown god.
   430 | D:1      | Reached XP level 2. HP: 10/16 MP: 2/2
   733 | D:2      | Reached skill level 1 in Dodging
   792 | D:2      | Reached XP level 3. HP: 19/20 MP: 3/3
   975 | D:2      | Learned a level 1 spell: Magic Dart
  1657 | D:3      | Reached skill level 1 in Maces & Flails
  1681 | D:3      | Found a shimmering altar of Xom.
  1853 | D:3      | Reached XP level 4. HP: 9/25 MP: 4/4
  2606 | D:4      | Noticed a scorpion
  2658 | D:4      | Noticed Pikel
  2658 | D:4      | Noticed a lemure
  2658 | D:4      | Noticed a lemure
  2658 | D:4      | Noticed a lemure
  2658 | D:4      | Noticed a lemure
  2848 | D:3      | Killed a scorpion
  2849 | D:3      | Reached skill level 1 in Axes
  2849 | D:3      | Reached XP level 5. HP: 30/30 MP: 5/5
  2867 | D:4      | Found Hyjek's Antique Weapon Shop.
  2951 | D:4      | Killed a lemure
  2952 | D:4      | Noticed a wyvern
  2955 | D:4      | Reached XP level 6. HP: 17/35 MP: 6/6
  2963 | D:4      | Slain by a wyvern

Illustrated notes

Levels and vault maps discovered:
D:1:      lightli_arrival_lavapool, layout_basic,
          hellmonk_ecumenical_altar_crossroads, amethyst_killhole
D:2:      layout_basic, kennysheep_generic_room_3
D:3:      layout_loops_cross, mainiacjoe_overflow_small_starburst,
          kennysheep_nub, minmay_puff
D:4:      layout_rooms, grunt_temple_overflow_diamond, serial_shops, shop,
          chequers_serial_rivers_small_3, chequers_serial_rivers_micro_a,
          uniq_pikel

Skill      XL: |  1  2  3  4  5 |
---------------+----------------+-----
Evocations     | 3 |  3.6
Dodging        | 1 |  1.3
Maces & Flails | 1 |  1.2
Armour         | 3 |  3.9
Axes           | 1 2 |  2.1
Fighting       | 2 |  2.0
Throwing       | |  0.5
Stealth        | |  1.2

Action                   |  1- 3 |  4- 6 || total
-------------------------+-------+-------++-------
Melee: Club              |   126 |       ||   126
       Hand axe          |    26 |    96 ||   122
Throw: Dart              |     2 |     8 ||    10
Evoke: Wand              |    17 |     2 ||    19
       Piece from Xom's  |    16 |     6 ||    22
 Stab: Petrified         |    22 |       ||    22
Armor: Leather armour    |    19 |       ||    19
       Ring mail         |    53 |     3 ||    56
       Chain mail        |       |    88 ||    88
Dodge: Dodged            |    85 |    57 ||   142
